MID
KANE COUNTY COUGARS @ HAGERSTOWN SUNS
09/16/2048
 
TOP OF THE 1ST
Kane County Cougars batting - Pitching for Hagerstown Suns : RHP Matt Seivert
Pitching: RHP Matt Seivert
Batting: RHB Francisco Gutierrez 0-0: Ball
1-0: Ground out 6-3 (Groundball, 6, EV 84.4 MPH)
Batting: SHB Blaine Peters 0-0: Ground out 6-3 (Groundball, 6, EV 88.1 MPH)
Batting: RHB Chad Mendoza 0-0: Ball
1-0: Ball
2-0: Ball
3-0: Base on Balls
Batting: LHB J.P. Olson 0-0: Swinging Strike
0-1: Foul Ball, location: 2F
0-2: Foul Ball, location: 2F
0-2: Strikes out swinging
Top of the 1st over - 0 runs, 0 hits, 0 errors, 1 left on base; Kane County 0 - Hagerstown 0
BOTTOM OF THE 1ST
Hagerstown Suns batting - Pitching for Kane County Cougars : LHP Shelby Rich
Pitching: LHP Shelby Rich
Batting: RHB Bobby Bricker 0-0: Ball
1-0: Ball
2-0: Foul Ball, location: 2F
2-1: Called Strike
2-2: Foul Ball, location: 2F
2-2: Foul Ball, location: 2F
2-2: Ball
3-2: SINGLE (Groundball, 34D, EV 94.4 MPH)
Batting: LHB Adam Lancaster 0-0: Called Strike
Bobby Bricker is caught stealing 2nd base 2-6
0-1: Ball
1-1: Ground out U3 (Groundball, 34, EV 86.2 MPH)
Batting: LHB Chris Williams 0-0: Foul Ball, location: 2F
0-1: Ball
1-1: Ball
2-1: Ball
3-1: Base on Balls
Batting: RHB Deshawn Boseman 0-0: Called Strike
0-1: Ball
1-1: Ball
2-1: Foul Ball, location: 2F
2-2: Foul Ball, location: 2F
2-2: Foul Ball, location: 2F
2-2: SINGLE (Line Drive, 56, EV 93.8 MPH)
Chris Williams to second
Batting: RHB Jim Towle 0-0: Ball
1-0: Foul Ball, location: 2F
1-1: Foul Ball, location: 2F
1-2: Ball
2-2: Ball
3-2: Foul Ball, location: 2F
3-2: Strikes out swinging
Bottom of the 1st over - 0 runs, 2 hits, 0 errors, 2 left on base; Kane County 0 - Hagerstown 0
TOP OF THE 2ND
Kane County Cougars batting - Pitching for Hagerstown Suns : RHP Matt Seivert
Batting: RHB D.J. Cooke 0-0: SINGLE (Line Drive, 7S, EV 105.0 MPH)
Batting: RHB Dustin Legault 0-0: Called Strike
D.J. Cooke is caught stealing 2nd base 2-4
0-1: Swinging Strike
0-2: Ball
1-2: Ball
2-2: Strikes out swinging
Batting: RHB Ernesto Zamora 0-0: Ball
1-0: Called Strike
1-1: Ball
2-1: Ground out 6-3 (Groundball, 6, EV 85.0 MPH)
Top of the 2nd over - 0 runs, 1 hit, 0 errors, 0 left on base; Kane County 0 - Hagerstown 0
BOTTOM OF THE 2ND
Hagerstown Suns batting - Pitching for Kane County Cougars : LHP Shelby Rich
Batting: RHB Steve Bauman 0-0: Called Strike
0-1: Ground out 5-3 (Groundball, 56, EV 83.8 MPH)
Batting: LHB Chance McWilliams 0-0: Ball
1-0: Swinging Strike
1-1: Foul Ball, location: 2F
1-2: Foul Ball, location: 2F
1-2: Ground out 6-3 (Groundball, 6, EV 82.5 MPH)
Batting: RHB Joe Young 0-0: Swinging Strike
0-1: Swinging Strike
0-2: Ball
1-2: Strikes out swinging
Bottom of the 2nd over - 0 runs, 0 hits, 0 errors, 0 left on base; Kane County 0 - Hagerstown 0
TOP OF THE 3RD
Kane County Cougars batting - Pitching for Hagerstown Suns : RHP Matt Seivert
Batting: RHB Gary Hills 0-0: Called Strike
0-1: Ball
1-1: Ball
2-1: Ball
3-1: Base on Balls
Batting: LHB Enrique Ponce 0-0: Called Strike
0-1: Fly out, F7 (Flyball, 7, EV 93.1 MPH)
Batting: RHB Francisco Gutierrez 0-0: Ball
1-0: Ball
2-0: Called Strike
2-1: Called Strike
2-2: SINGLE (Groundball, 56, EV 103.8 MPH) (infield hit)
Gary Hills to second
Batting: SHB Blaine Peters 0-0: Grounds into double play, 4-6-3 (Groundball, 4D, EV 99.4 MPH)
Top of the 3rd over - 0 runs, 1 hit, 0 errors, 1 left on base; Kane County 0 - Hagerstown 0
BOTTOM OF THE 3RD
Hagerstown Suns batting - Pitching for Kane County Cougars : LHP Shelby Rich
Batting: SHB Alex Medina 0-0: Ball
1-0: Called Strike
1-1: Ball
2-1: Foul Ball, location: 2F
2-2: Foul Ball, location: 2F
2-2: Foul Ball, location: 2F
2-2: Foul Ball, location: 2F
2-2: DOUBLE (Groundball, 3L, EV 103.8 MPH)
Batting: RHB Bobby Bricker 0-0: Ball
1-0: Called Strike
1-1: Swinging Strike
1-2: Ball
2-2: Foul Ball, location: 2F
2-2: Fly out, F8 (Flyball, 8LM, EV 90.0 MPH)
Batting: LHB Adam Lancaster 0-0: Called Strike
0-1: Ball
1-1: Ball
2-1: Ball
3-1: Foul Ball, location: 2F
3-2: Fly out, F8 (Flyball, 8LS, EV 91.9 MPH)
Batting: LHB Chris Williams 0-0: Ball
1-0: Called Strike
1-1: Ball
2-1: Foul Ball, location: 2F
2-2: Ground out 5-3 (Groundball, 15, EV 78.8 MPH)
Bottom of the 3rd over - 0 runs, 1 hit, 0 errors, 1 left on base; Kane County 0 - Hagerstown 0
TOP OF THE 4TH
Kane County Cougars batting - Pitching for Hagerstown Suns : RHP Matt Seivert
Batting: RHB Chad Mendoza 0-0: Called Strike
0-1: Fly out, F6 (Popup, 6MD, EV 44.4 MPH)
Batting: LHB J.P. Olson 0-0: Fly out, F6 (Popup, 6MD, EV 49.4 MPH)
Batting: RHB D.J. Cooke 0-0: Ball
1-0: Ball
2-0: Foul Ball, location: 2F
2-1: Ball
3-1: Base on Balls
Batting: RHB Dustin Legault 0-0: Ball
D.J. Cooke is caught stealing 2nd base 2-4
Top of the 4th over - 0 runs, 0 hits, 0 errors, 0 left on base; Kane County 0 - Hagerstown 0
BOTTOM OF THE 4TH
Hagerstown Suns batting - Pitching for Kane County Cougars : LHP Shelby Rich
Batting: RHB Deshawn Boseman 0-0: SINGLE (Line Drive, 7S, EV 98.8 MPH)
Batting: RHB Jim Towle 0-0: Ball
1-0: Ball
2-0: Swinging Strike
2-1: Called Strike
2-2: Strikes out swinging
Batting: RHB Steve Bauman 0-0: Called Strike
0-1: Ball
1-1: Fly out, F7 (Flyball, 78S, EV 93.8 MPH)
Batting: LHB Chance McWilliams 0-0: Ground out U3 (Groundball, 34, EV 80.6 MPH)
Bottom of the 4th over - 0 runs, 1 hit, 0 errors, 1 left on base; Kane County 0 - Hagerstown 0
TOP OF THE 5TH
Kane County Cougars batting - Pitching for Hagerstown Suns : RHP Matt Seivert
Batting: RHB Dustin Legault 0-0: Swinging Strike
0-1: Foul Ball, location: 2F
0-2: Strikes out looking
Batting: RHB Ernesto Zamora 0-0: Swinging Strike
0-1: Swinging Strike
0-2: Strikes out swinging
Batting: RHB Gary Hills 0-0: Ball
1-0: Ball
2-0: SINGLE (Flyball, 89S, EV 85.0 MPH)
Batting: LHB Enrique Ponce 0-0: Foul Ball, location: 2F
0-1: Called Strike
0-2: Strikes out swinging
Top of the 5th over - 0 runs, 1 hit, 0 errors, 1 left on base; Kane County 0 - Hagerstown 0
BOTTOM OF THE 5TH
Hagerstown Suns batting - Pitching for Kane County Cougars : LHP Shelby Rich
Batting: RHB Joe Young 0-0: Ball
1-0: Called Strike
1-1: Fly out, F8 (Flyball, 8LM, EV 90.0 MPH)
Pitching: RHP Vinny Segura
Batting: SHB Alex Medina 0-0: Ball
1-0: Ball
2-0: Foul Ball, location: 2F
2-1: Ball
3-1: Base on Balls
Batting: RHB Bobby Bricker 0-0: Called Strike
0-1: Fielders Choice at 2nd, 3-6 (Groundball, 34, EV 88.8 MPH)
Batting: LHB Adam Lancaster 0-0: Foul Ball, location: 2F
0-1: Ball
Bobby Bricker steals 2nd base
1-1: Foul Ball, location: 2F
1-2: Ball
2-2: SINGLE (Groundball, 56D, EV 103.8 MPH)
Bobby Bricker to third
Runner from 3rd tries for Home, throw by LF and OUT! 7-2
Bottom of the 5th over - 0 runs, 1 hit, 0 errors, 1 left on base; Kane County 0 - Hagerstown 0
TOP OF THE 6TH
Kane County Cougars batting - Pitching for Hagerstown Suns : RHP Matt Seivert
Batting: RHB Francisco Gutierrez 0-0: Ball
1-0: Ground out 5-3 (Groundball, 56, EV 83.8 MPH)
Batting: SHB Blaine Peters 0-0: Called Strike
0-1: Foul Ball, location: 2F
0-2: Ground out 6-3 (Groundball, 6, EV 84.4 MPH)
Batting: RHB Chad Mendoza 0-0: Fly out, F7 (Line Drive, 7, EV 96.9 MPH)
Top of the 6th over - 0 runs, 0 hits, 0 errors, 0 left on base; Kane County 0 - Hagerstown 0
BOTTOM OF THE 6TH
Hagerstown Suns batting - Pitching for Kane County Cougars : RHP Vinny Segura
Batting: LHB Chris Williams 0-0: Called Strike
0-1: Ground out 1-3 (Groundball, 13S, EV 65.6 MPH)
Batting: RHB Deshawn Boseman 0-0: Ball
1-0: Ball
2-0: Swinging Strike
2-1: Called Strike
2-2: Fly out, F8 (Flyball, 78D, EV 98.8 MPH)
Batting: RHB Jim Towle 0-0: Swinging Strike
0-1: Ball
1-1: Foul Ball, location: 2F
1-2: Ball
2-2: Ball
3-2: Ground out 6-3 (Groundball, P, EV 86.9 MPH)
Bottom of the 6th over - 0 runs, 0 hits, 0 errors, 0 left on base; Kane County 0 - Hagerstown 0
TOP OF THE 7TH
Kane County Cougars batting - Pitching for Hagerstown Suns : RHP Matt Seivert
Batting: LHB J.P. Olson 0-0: Fly out, F8 (Flyball, 89M, EV 86.2 MPH)
Batting: RHB D.J. Cooke 0-0: Ground out 5-3 (Groundball, 56S, EV 86.9 MPH)
Batting: RHB Dustin Legault 0-0: SINGLE (Groundball, 6MD, EV 96.2 MPH)
Batting: RHB Ernesto Zamora 0-0: Ball
1-0: Called Strike
1-1: Ball
2-1: Fielders Choice at 2nd, 6-4 (Groundball, 6, EV 104.4 MPH)
Top of the 7th over - 0 runs, 1 hit, 0 errors, 1 left on base; Kane County 0 - Hagerstown 0
BOTTOM OF THE 7TH
Hagerstown Suns batting - Pitching for Kane County Cougars : RHP Vinny Segura
Pitching: RHP Shigezo Shoji
Batting: RHB Steve Bauman 0-0: Ball
1-0: SOLO HOME RUN (Flyball, 9LD, EV 93.8 MPH), Distance : 344 ft
Batting: LHB Chance McWilliams 0-0: Ball
1-0: Foul Ball, location: 2F
1-1: Swinging Strike
1-2: Strikes out swinging
Batting: RHB Joe Young 0-0: Foul Ball, location: 2F
0-1: Foul Ball, location: 2F
0-2: Ball
1-2: Fly out, F8 (Flyball, 8RM, EV 90.6 MPH)
Batting: SHB Alex Medina 0-0: Ball
1-0: Foul Ball, location: 2F
1-1: SINGLE (Groundball, 34D, EV 98.1 MPH)
Batting: RHB Bobby Bricker 0-0: Ball
1-0: Swinging Strike
1-1: Foul Ball, location: 2F
1-2: Strikes out swinging
Bottom of the 7th over - 1 run, 2 hits, 0 errors, 1 left on base; Kane County 0 - Hagerstown 1
TOP OF THE 8TH
Kane County Cougars batting - Pitching for Hagerstown Suns : RHP Matt Seivert
Batting: RHB Gary Hills 0-0: SINGLE (Groundball, 4MD, EV 105.0 MPH)
Batting: LHB Enrique Ponce 0-0: Ball
1-0: Called Strike
1-1: Fielders Choice at 2nd, 6-4 (Groundball, 56, EV 78.1 MPH)
Batting: RHB Francisco Gutierrez 0-0: Ball
1-0: Bunted foul
1-1: Sac Bunt to 13S - play at first, batter safe!
Enrique Ponce to second
Batting: SHB Blaine Peters 0-0: Fly out, F7 (Flyball, 78M, EV 79.4 MPH)
Batting: RHB Chad Mendoza 0-0: Called Strike
0-1: Foul Ball, location: 2F
0-2: Ball
1-2: Ball
2-2: 3-RUN HOME RUN (Flyball, 78XD, EV 97.5 MPH), Distance : 398 ft
Batting: LHB J.P. Olson 0-0: Ball
1-0: Ball
2-0: Called Strike
2-1: Foul Ball, location: 2F
2-2: Strikes out looking
Top of the 8th over - 3 runs, 3 hits, 0 errors, 0 left on base; Kane County 3 - Hagerstown 1
BOTTOM OF THE 8TH
Hagerstown Suns batting - Pitching for Kane County Cougars : RHP Shigezo Shoji
Batting: LHB Adam Lancaster 0-0: Ball
1-0: Ground out 1-3 (Groundball, 13S, EV 70.0 MPH)
Batting: LHB Chris Williams 0-0: Ball
1-0: Ball
2-0: Ball
3-0: Base on Balls
Batting: RHB Deshawn Boseman 0-0: Swinging Strike
0-1: Ball
1-1: SINGLE (Line Drive, 89S, EV 108.8 MPH)
Chris Williams to second
Batting: RHB Jim Towle 0-0: DOUBLE (Line Drive, 9LM, EV 108.8 MPH)
Chris Williams scores
Deshawn Boseman to third
Pitching: LHP Josh Hubbard
Batting: RHB Steve Bauman 0-0: Ball
1-0: Called Strike
1-1: Ball
2-1: Ball
3-1: Base on Balls
Pinch Hitting: RHB Antonio Vallez 0-0: Swinging Strike
0-1: Grounds into fielders choice 6-2 (Groundball, 6, EV 86.2 MPH)
Jim Towle to third
Steve Bauman to second
Batting: RHB Joe Young 0-0: Called Strike
0-1: Ball
1-1: Reached on error, E5 (Groundball, 56, EV 85.0 MPH)
Jim Towle scores
Steve Bauman to third
Antonio Vallez to second
Batting: SHB Alex Medina 0-0: Foul Ball, location: 2F
0-1: Called Strike
0-2: Foul Ball, location: 2F
0-2: Ball
1-2: SINGLE (Line Drive, 89M, EV 100.0 MPH)
Steve Bauman scores
Antonio Vallez to third
Joe Young to second
Runner from 3rd tries for Home, SAFE, throw by CF to home
Batting: RHB Bobby Bricker 0-0: Swinging Strike
0-1: Ball
1-1: Foul Ball, location: 2F
1-2: Ball
2-2: Fielders Choice at 2nd, 5-4 (Groundball, 56, EV 85.0 MPH)
Bottom of the 8th over - 4 runs, 3 hits, 1 error, 2 left on base; Kane County 3 - Hagerstown 5
TOP OF THE 9TH
Kane County Cougars batting - Pitching for Hagerstown Suns : RHP Matt Seivert
Pitching: RHP Jordan Amaker
Now at 1B: Bobby Adams
Now in LF: Deshawn Boseman
Batting: RHB D.J. Cooke 0-0: Called Strike
0-1: Foul Ball, location: 2F
0-2: Foul Ball, location: 2F
0-2: Strikes out swinging
Batting: RHB Dustin Legault 0-0: Called Strike
0-1: Ball
1-1: Ball
2-1: Ball
3-1: Ground out 3-1 (Groundball, 34, EV 83.1 MPH)
Batting: RHB Ernesto Zamora 0-0: Ball
1-0: Ball
2-0: Called Strike
2-1: Ball
3-1: Ground out 5-3 (Groundball, 56S, EV 85.0 MPH)
Top of the 9th over - 0 runs, 0 hits, 0 errors, 0 left on base; Kane County 3 - Hagerstown 5
Tuesday, March 28th , 2023 - OOTP Baseball 23.10 Build 110